Map: Lerilak Crest

Players

Elazer - Winner!

  • Race: Zerg Zerg
  • League: Grandmaster

NoRegreT

  • Race: Zerg Zerg
  • League: Grandmaster

Event: Homestory Cup XII

VOD

Have the link to the VOD?

Description

Time

  • Played on: Dec. 18, 2015, 5:25 p.m.
  • Length: 30:48

All games in this series

Show
View Real Time Build Order
Export as new Build Order

Elazer Zerg - Winner!

Build Orders: Pool First, Zergling Baneling 

Get SALT Encoding   

  12  0:00  Drone  
  13  0:12  Overlord  
  13  0:16  Drone  
  14  0:30  Drone x2  
  14  0:34  Drone  
  17  0:36  Extractor  
  16  0:45  Spawning Pool  
  15  0:50  Drone  
  15  0:56  Drone  
  17  1:06  Drone  
  18  1:17  Overlord  
  18  1:32  Zergling x2, Queen  
  20  1:36  Metabolic Boost  
  20  1:39  Zergling x2  
  22  1:50  Zergling x2  
  23  1:55  Hatchery  
  22  2:03  Baneling Nest  
  21  2:13  Queen  
  23  2:17  Zergling x2  
  24  2:23  Zergling x2  
  24  2:26  Zergling x2  
  26  2:36  Zergling x2  
  27  2:48  Baneling x3  
  25  2:51  Queen  
  25  2:53  Zergling x4  
  25  3:08  Zergling x4  
  25  3:09  Zergling x2  
  26  3:15  Zergling x2  
  26  3:18  Baneling x2  
  27  3:22  Zergling x2  
  27  3:23  Zergling x2  
  27  3:24  Baneling x2  
  29  3:28  Zergling x2  
  30  3:35  Queen  
  27  3:50  Zergling x8  
  27  3:55  Zergling x2  
  32  3:58  Baneling x2  
  32  4:02  Zergling x2  
  33  4:11  Baneling x2  
  33  4:16  Zergling x4  
  33  4:17  Zergling x2  
  33  4:33  Zergling x6  
  31  4:44  Zergling x2  
  31  4:45  Zergling x6  
  34  4:49  Zergling x2  
  35  4:54  Baneling x2  
Show
View Real Time Build Order
Export as new Build Order

NoRegreT Zerg 

Build Orders: Pool First, Zergling Baneling 

Get SALT Encoding   

  12  0:01  Drone  
  13  0:08  Drone  
  14  0:15  Drone, Extractor  
  14  0:31  Spawning Pool  
  14  0:35  Drone  
  14  0:42  Drone, Extractor  
  14  0:49  Overlord  
  15  1:18  Queen, Zergling x6  
  18  1:23  Metabolic Boost  
  20  1:29  Zergling x2  
  21  1:39  Overlord  
  21  1:53  Baneling Nest, Zergling x2  
  21  2:02  Zergling x2  
  22  2:12  Zergling x2  
  23  2:24  Zergling x2  
  23  2:26  Zergling x2  
  25  2:30  Zergling x4  
  25  2:36  Zergling x2  
  28  2:38  Baneling  
  28  2:48  Zergling x2  
  28  2:51  Baneling x2  
  24  3:08  Zergling x2  
  24  3:10  Zergling x2  
  24  3:12  Zergling x2  
  24  3:14  Zergling x2  
  24  3:17  Zergling x2  
  23  3:26  Baneling x2  
  22  3:28  Zergling x2  
  23  3:38  Hatchery  
  23  3:39  Zergling x2  
  19  3:53  Zergling x4  
  19  3:55  Zergling x2  
  21  3:58  Zergling x2  
  22  4:07  Zergling x2  
  21  4:12  Baneling x2  
  21  4:18  Baneling x2  
  21  4:20  Zergling x2  
  8  4:40  Zergling x4  
  8  4:47  Zergling x2  
  8  4:50  Zergling x2  
  8  4:51  Zergling x4  
Tags
 
Add a new tag
Caveats
  • Supply blocks, unpowered buildings, or Contaminate may cause inaccurate times.
  • Supply counts are checked every 10 seconds.